 Dungeon Crawl Stone Soup version 0.30-a0-305-g026cb31310 (webtiles) character file.

Game seed: 11391616020448881985

40 ryw the Trooper (level 3, -2/29 HPs)
             Began as a Demonspawn Monk on Oct 21, 2022.
             Slain by a worm (8 damage)
             ... on level 2 of the Dungeon on Oct 22, 2022.
             The game lasted 00:02:43 (1114 turns).

ryw the Trooper (Demonspawn Monk)                   Turns: 1114, Time: 00:02:43

Health: -2/29      AC:  2    Str: 11    XL:     3   Next: 30%
Magic:  5/5        EV: 12    Int: 13    God:
Gold:   84         SH:  0    Dex: 15    Spells: 1/5 levels left

rFire   . . .      SeeInvis .      - Unarmed
rCold   . . .      Faith    .    (no shield)
rNeg    . . .      Spirit   .    a - +0 robe
rPois   .          Reflect  .    (no helmet)
rElec   .          Harm     .    (no cloak)
rCorr   .          Rampage  .    (no gloves)
Will    .....                    (no boots)
Stlth   ++........               (no amulet)
HPRegen 0.24/turn                (no ring)
MPRegen 0.09/turn                (no ring)

@: no status effects
A: foul stench 1
a: no special abilities


You were on level 2 of the Dungeon.
You visited 1 branch of the dungeon, and saw 2 of its levels.

You collected 84 gold pieces.

Inventory:

Armour
 a - a +0 robe (worn)
Scrolls
 g - a scroll of vulnerability {unknown}
Potions
 b - 3 potions of ambrosia
 c - 2 potions of curing {unknown}
 d - a potion of mutation {unknown}
 e - 2 potions of degeneration {unknown}
 f - 2 potions of brilliance {unknown}


   Skills:
 - Level 3.3 Fighting
 - Level 2.6 Dodging
 - Level 1.7 Stealth
 - Level 2.6 Unarmed Combat
 + Level 1.5 Spellcasting
 * Level 1.4 Air Magic


You had one spell level left.
You knew the following spells:

 Your Spells              Type           Power      Damage    Failure   Level
a - Static Discharge      Conj/Air       4%         2-3/arc   30%         2
b - Call Imp              Summ           1%         N/A       38%         2

Your spell library contained the following spells:

 Spells                   Type           Power      Damage    Failure   Level
 Magic Dart               Conj           4%         1d3       26%         1
 Vhi's Electric Charge    Tloc/Air       4%         N/A       52%         3
 Mephitic Cloud           Conj/Pois/Air  2%         N/A       54%         3
 Arcjolt                  Conj/Air       1%         1d11      99%         5
 Lightning Bolt           Conj/Air       1%         1d12      99%         5


Dungeon Overview and Level Annotations

Branches:
Dungeon (2/15)

Altars:


Innate Abilities, Weirdness & Mutations

You may rarely emit foul miasma when damaged in melee.


Message History

The worm is heavily wounded.
The worm bites you.
You hit the worm but do no damage.
The worm is moderately wounded.
You barely miss the worm.
The worm is moderately wounded.
The worm barely misses you.
You hit the worm.
The worm is heavily wounded.
You hit the worm.
The worm is almost dead.
The worm bites you!
You are too injured to fight recklessly!
You are too injured to fight recklessly!
You are too injured to fight recklessly!
You are too injured to fight recklessly!
You are too injured to fight recklessly!
You are too injured to fight recklessly!
You are too injured to fight recklessly!
You are too injured to fight recklessly!
You hit the worm but do no damage.
The worm is severely wounded.
You completely miss the worm.
The worm is severely wounded.
The worm barely misses you.
You barely miss the worm.
The worm is severely wounded.
You hit the worm.
The worm is almost dead.
The worm bites you!
* * * LOW HITPOINT WARNING * * *
You hit the worm but do no damage.
The worm is almost dead.
The worm closely misses you.
You barely miss the worm.
The worm is severely wounded.
You barely miss the worm.
The worm is severely wounded.
The worm bites you!
You die...

###......# .........##########
..................##
.......#.########..#
.....#.#.# #### ##.### #####
..(#.#.#.###...# #...###...##
..†....#.##.....##...##.....##
.......#.#.......#...#.......#
.........#..$..w@'...'....[..#
........)#.......#...#.......#
##......###.....##...##.....##
#.......# ##...# #...###...##
#......## #### #...# #####
#......# #...# #......# #...#
###....# #...# #....# +...+


You could see a worm.

Vanquished Creatures
  An adder (D:2)
  3 ball pythons
  4 bats
  4 endoplasms (D:1)
  A giant cockroach (D:1)
  3 hobgoblins (D:1)
  A jackal (D:2)
  3 kobolds (D:1)
  3 quokkas
  3 frilled lizards (D:1)
  3 rats
29 creatures vanquished.

Notes
Turn   | Place    | Note
-------+----------+-------------------------------------------
     0 | D:1      | ryw the Demonspawn Monk began the quest for the Orb.
     0 | D:1      | Reached XP level 1. HP: 18/18 MP: 1/1
   165 | D:1      | Gained mutation: You may rarely emit foul miasma when
                  | damaged in melee. [demonic ancestry]
   165 | D:1      | Reached XP level 2. HP: 22/24 MP: 1/3
   180 | D:1      | Reached skill level 1 in Spellcasting
   183 | D:1      | Learned a level 2 spell: Static Discharge
   712 | D:2      | Reached skill level 1 in Air Magic
   821 | D:2      | Reached XP level 3. HP: 11/29 MP: 5/5
  1097 | D:2      | Learned a level 2 spell: Call Imp
  1114 | D:2      | Slain by a worm

Illustrated notes

Levels and vault maps discovered:
D:1:      spicycebolla_green_bress_n_ham, layout_basic, minmay_ruptured
D:2:      kennysheep_six_static_rooms, layout_basic, serial_curves,
          eino_curves_04, eino_curves_03

Skill      XL: |  1  2 |
---------------+-------+-----
Spellcasting   | 1 |  1.5
Air Magic      | 1 |  1.4
Fighting       | |  3.3
Dodging        | |  2.6
Stealth        | |  1.7
Unarmed Combat | |  2.6

Action                   || total
-------------------------++-------
Melee: Unarmed           ||   118
       Punch             ||     2
  Use: Potion            ||     1
 Stab: Sleeping          ||     8
Armor: Robe              ||    14
Dodge: Dodged            ||    59

Table legend: (Time is in decaauts)
 A = Elapsed time spent in this place.
 B = Non-inter-level travel time spent in this place.
 C = Inter-level travel time spent in this place.
 D = Time resting spent in this place.
 E = Time spent auto-exploring this place.
 F = Levels seen in this place.
 G = Mean time per level.
                   A        B        C        D        E       F      G
               +--------+--------+--------+--------+--------+-----+--------+
         Total |   1107 |   1088 |     19 |     48 |    787 |   2 |  553.5 |
       Dungeon |   1107 |   1088 |     19 |     48 |    787 |   2 |  553.5 |
               +--------+--------+--------+--------+--------+-----+--------+

Top non-repeatable levels by time:
     D:1: 694 daAuts
     D:2: 413 daAuts
